Map: Dash and Terminal LE (Void)

Players

FallenDreams

  • Race: Protoss Protoss
  • League: Grandmaster

SticklerMac - Winner!

  • Race: Zerg Zerg
  • League: Silver

VOD

Have the link to the VOD?

Description

Time

  • Played on: Aug. 21, 2015, 11:56 a.m.
  • Length: 10:10
Show
View Real Time Build Order
Export as new Build Order

FallenDreams Protoss 

Build Orders:  

Get SALT Encoding   

  12  0:19  Pylon  
  12  0:31  Probe  
  13  0:38  Gateway  
  13  0:43  Probe  
  13  0:46  Assimilator  
  14  0:58  Pylon  
  14  1:02  Probe  
  15  1:14  Probe  
  16  1:26  Probe  
  16  1:28  Cybernetics Core  
  17  1:50  Warp Gate  
  17  1:51  Nexus  
  17  1:54  Probe  
  18  2:08  Adept  
  20  2:20  Forge  
  20  2:26  Probe  
  21  2:38  Probe  
  21  2:42  Gateway  
  22  2:54  Gateway  
  22  3:00  Photon Cannon  
  22  3:03  Probe  
  22  3:04  Probe  
  24  3:15  Probe  
  25  3:26  Pylon  
  25  3:29  Protoss Ground Weapons Level 1  
  25  3:30  Probe x2  
  27  3:42  Probe  
  27  3:59  Sentry x2  
  27  4:01  Adept  
  33  4:07  Gateway  
  33  4:09  Photon Cannon  
  33  4:12  Gateway  
  27  4:28  Gateway  
  27  4:30  Adept x3  
  30  4:56  Adept x2  
  30  4:57  Adept  
  36  5:19  Photon Cannon  
  36  5:22  Photon Cannon  
  36  5:29  Stalker x2  
  36  5:35  Probe x2  
  42  5:44  Pylon  
  42  5:47  Probe x2  
  42  5:49  Assimilator  
  44  5:59  Probe x2  
  44  6:01  Twilight Council  
  46  6:11  Probe x2  
  46  6:14  Pylon  
  48  6:23  Probe x2, Nexus  
  50  6:34  Pylon  
  50  6:35  Probe  
  50  6:39  Stalker  
  53  6:40  Stalker x2  
  57  6:52  Probe x2  
  59  6:59  Pylon  
  59  7:00  Pylon  
  59  7:04  Probe x2  
  61  7:11  Zealot x3  
  49  7:27  Zealot x2  
  49  7:28  Zealot  
  49  7:38  Zealot x2  
  49  7:39  Zealot  
  55  7:46  Pylon  
  55  7:52  Protoss Ground Weapons Level 2  
  55  7:58  Probe  
  56  8:00  Probe x2  
  56  8:03  Adept x2  
  56  8:04  Adept x2  
  56  8:05  Adept  
  68  8:07  Sentry  
  68  8:10  Probe  
  69  8:47  Stalker x4  
  75  8:53  Photon Cannon  
  75  8:54  Photon Cannon  
  67  8:55  Stalker x2  
  67  8:56  Photon Cannon  
  67  8:59  Photon Cannon  
  47  9:31  Nexus  
  47  9:34  Assimilator  
  47  9:35  Assimilator  
  47  9:37  Pylon  
  47  9:41  Pylon  
  47  9:46  Pylon  
  47  9:49  Probe x2  
  47  9:51  Probe  
  50  9:54  Stalker x3  
  56  10:00  Zealot x2  
  56  10:01  Zealot  
Show
View Real Time Build Order
Export as new Build Order

SticklerMac Zerg - Winner!

Build Orders: Hatch First 

Get SALT Encoding   

  12  0:00  Drone  
  13  0:09  Drone  
  14  0:18  Overlord  
  14  0:36  Drone x3  
  17  0:55  Hatchery  
  17  0:56  Drone  
  17  1:00  Drone  
  18  1:05  Extractor  
  18  1:08  Drone  
  18  1:21  Spawning Pool  
  18  1:24  Drone  
  18  1:30  Drone  
  19  1:42  Drone  
  20  1:55  Hatchery  
  19  2:02  Drone  
  19  2:07  Drone  
  19  2:08  Metabolic Boost  
  21  2:17  Queen  
  23  2:28  Queen  
  25  2:34  Overlord  
  25  2:53  Queen  
  25  2:56  Baneling Nest  
  26  3:01  Zergling x2  
  26  3:02  Zergling x6  
  26  3:04  Zergling x2  
  31  3:07  Drone  
  31  3:09  Drone  
  34  3:12  Drone  
  34  3:16  Drone  
  35  3:26  Drone x3  
  38  3:27  Drone  
  39  3:44  Zergling x6  
  39  3:46  Overlord x2  
  42  3:49  Overlord  
  42  4:00  Overlord x2  
  42  4:02  Overlord  
  41  4:16  Zergling x14  
  45  4:28  Zergling x2  
  45  4:29  Zergling x10  
  49  4:38  Zergling x4  
  51  4:43  Zergling x2  
  51  4:44  Zergling x8  
  51  4:45  Zergling x2  
  55  4:47  Zergling x2  
  54  4:58  Zergling x4  
  54  4:59  Zergling x2  
  51  5:08  Zergling x14  
  52  5:17  Drone x3  
  52  5:18  Drone  
  52  5:19  Drone  
  57  5:27  Spawning Pool  
  57  5:30  Roach Warren  
  56  5:35  Drone  
  56  5:37  Drone x4  
  56  5:41  Drone  
  62  5:46  Overlord x2  
  62  5:47  Extractor  
  61  5:53  Lair  
  61  6:06  Drone  
  61  6:10  Hatchery, Drone  
  62  6:15  Drone  
  62  6:16  Drone x4  
  67  6:25  Drone x3, Extractor  
  68  6:26  Drone, Extractor  
  68  6:28  Drone x2  
  68  6:29  Drone  
  68  6:31  Drone  
  73  6:33  Drone  
  73  6:35  Drone  
  73  6:37  Drone  
  73  6:38  Drone  
  73  6:39  Drone  
  78  6:41  Drone  
  79  6:48  Drone x4  
  79  6:49  Drone  
  79  6:51  Drone  
  79  6:53  Drone  
  86  6:59  Drone x2  
  86  7:01  Drone  
  89  7:04  Queen  
  89  7:06  Drone  
  90  7:12  Roach  
  90  7:13  Roach x3  
  90  7:16  Roach  
  90  7:18  Roach  
  93  7:23  Roach  
  93  7:24  Roach x2  
  93  7:29  Roach  
  100  7:30  Roach  
  100  7:33  Queen  
  100  7:36  Extractor  
  101  7:38  Extractor  
  100  7:47  Roach x2  
  100  7:58  Roach  
  100  8:02  Overlord  
  100  8:03  Overlord x8  
  102  8:07  Glial Reconstitution  
  92  8:37  Roach x9  
  93  8:42  Roach  
  93  8:43  Roach  
  90  8:49  Roach  
  90  8:50  Roach x6  
  103  8:59  Roach  
  103  9:00  Roach x2  
  101  9:10  Roach x2  
  101  9:13  Roach x3  
  109  9:25  Roach x4  
  109  9:26  Roach x5  
  129  9:31  Roach  
  129  9:32  Roach  
  129  9:33  Roach  
  129  9:37  Roach  
  135  9:43  Roach x2  
  139  9:46  Roach  
  139  9:49  Roach  
Tags
 
Add a new tag
Caveats
  • Supply blocks, unpowered buildings, or Contaminate may cause inaccurate times.
  • Supply counts are checked every 10 seconds.